 Dungeon Crawl Stone Soup version 0.17-a0-1554-g3b847ca (webtiles) character file.

5313 Ladykiller69 the Cleaver (level 10, 15/79 HPs)
             Began as a Formicid Fighter on July 19, 2015.
             Was the Champion of Cheibriados.
             Quit the game on level 15 of the Dungeon.
             The game lasted 00:21:25 (7620 turns).

Ladykiller69 the Cleaver (Formicid Fighter)         Turns: 7620, Time: 00:21:25

Health: 15/79      AC: 16    Str: 39    XL:     10   Next: 95%
Magic:  10/10      EV: 11    Int: 23    God:    Cheibriados [******]
Gold:   655        SH: 15    Dex: 25    Spells: 0 memorised, 9 levels left

rFire  . . .     SeeInvis +     a - +0 war axe
rCold  + . .     Clarity  .     K - +0 plate armour
rNeg   . . .     SustAt   .     c - +0 shield
rPois  .         Gourm    .     (helmet unavailable)
rElec  .         Spirit   .     F - +1 cloak
rCorr  .         Warding  .     C - +0 pair of gloves
rMut   +         Stasis   +     (no boots)
MR     +....                    q - amulet of resist mutation
Stlth  ..........               v - ring of protection from fire
                                g - ring of ice

@: very slow, somewhat resistant to hostile enchantments, extremely unstealthy
A: permanent stasis, dig shafts and tunnels, four strong arms, antennae 3
a: Dig, Shaft Self, Bend Time, Temporal Distortion, Slouch, Step From Time,
Renounce Religion


You were on level 15 of the Dungeon.
You worshipped Cheibriados.
Cheibriados was exalted by your worship.
You were not hungry.

You visited 1 branch of the dungeon, and saw 14 of its levels.
You also visited: Ossuary.

You collected 655 gold pieces.

Inventory:

Hand weapons
 a - a +0 war axe (weapon)
 N - a +0 scimitar of flaming
Missiles
 G - 5 tomahawks (quivered)
Armour
 c - a +0 shield (worn)
 C - a +0 pair of gloves (worn)
 F - a +1 cloak (worn)
 K - a +0 plate armour (worn)
Magical staves
 P - an uncursed staff of air {unknown}
Jewellery
 g - a ring of ice (left hand)
 q - an amulet of resist mutation (around neck)
 v - a ring of protection from fire (right hand)
 D - a +5 ring of strength {unknown}
 I - a +4 ring of evasion {unknown}
 L - a +2 ring of slaying {unknown}
Magical devices
 J - a wand of magic darts (19)
 Q - a wand of slowing (33)
Scrolls
 b - 2 scrolls of teleportation {unknown}
 k - 3 scrolls of magic mapping {unknown}
 m - 18 scrolls of identify {unknown}
 n - 7 scrolls of remove curse {unknown}
 o - 2 scrolls of noise {unknown}
 p - 2 scrolls of amnesia {unknown}
 t - 3 scrolls of recharging {unknown}
 y - 2 scrolls of enchant armour {unknown}
 B - 3 scrolls of blinking {unknown}
 E - 4 scrolls of enchant weapon {unknown}
 H - a scroll of vulnerability {unknown}
Potions
 d - a potion of might
 f - a potion of agility {unknown}
 h - 5 potions of heal wounds {unknown}
 i - 4 potions of brilliance {unknown}
 s - 10 potions of curing
 u - a potion of cancellation {unknown}
 x - a potion of resistance {unknown}
 z - a potion of invisibility {unknown}
 A - 2 potions of haste {unknown}
Comestibles
 e - 3 bread rations
 j - 5 meat rations
 l - 2 beef jerkies
 r - 6 fruits
 M - a royal jelly


   Skills:
 + Level 7.0 Fighting
 * Level 11.3 Axes
 + Level 5.8 Armour
 + Level 3.3 Dodging
 - Level 9.0 Shields


You had 9 spell levels left.
You didn't know any spells.

Dungeon Overview and Level Annotations

Branches:
Dungeon (15/15)            Temple (0/1) D:5
   Lair: D:8-11         Orc: D:9-12      Vaults: D:13-14     Depths: D:15

Altars:
Ashenzari
Cheibriados
Fedhas
Kikubaaqudgha
Makhleb
Nemelex Xobeh
Qazlal
Vehumet

Shops:
D:5 *   D:6 *   D:7 (

Annotations:
D:11 Nergalle
D:13 FooOfBar's ghost, powerful MfTm


Innate Abilities, Weirdness & Mutations

You are under a permanent stasis effect.
You can dig through walls and to a lower floor.
Your four strong arms can wield two-handed weapons with a shield.
You have a pair of large antennae on your head (SInv).


Message History

Found a coppery potion.
The skeletal warrior hits you from afar with a glaive.
The skeletal warrior hits you but does no damage.
The skeletal warrior hits you with a long sword!
The skeletal warrior barely misses you. The hippogriff completely misses you.
The hippogriff closely misses you.
The hippogriff claws you but does no damage.
The skeletal warrior hits you with a war axe!
You block the skeletal warrior's attack.
The skeletal warrior hits you with a long sword!!
The skeletal warrior hits you from afar with a glaive!
* * * LOW HITPOINT WARNING * * *
The hippogriff completely misses you.
The hippogriff pecks you but does no damage.
You block the hippogriff's attack.
Unknown command.
Drink which item? (? for menu, Esc to quit)
Okay, then.
Unknown command.
Are you sure you want to abandon this character and quit the game? (Confirm with "yes".)

.#####.# #
....#.##
#.#......
#.......# # #.
#....####<#
#.##.........#
####.....z...#
.........z@..#
##.....H...#
###..z.##.!...
#.#...# .....#
#.#...# ....#
##.#.## ....#
#.....H......#
#.##.##.##.###
#( #.# #


You could see 3 skeletal warriors and a hippogriff.

Vanquished Creatures
  Erica (D:8)
  Prince Ribbit (D:7)
  2 hippogriffs
  A yak (D:11)
  2 hungry ghosts
  A soldier ant (D:11)
  2 black bears (D:7)
  An orc warrior (D:8)
  An ice beast (D:11)
  5 ogres
  An eye of draining (D:10)
  A sky beast (D:8)
  2 phantoms
  5 centaurs
  5 big kobolds
  3 giant frogs
  A wyvern zombie (D:7)
  2 scorpions
  7 crimson imps
  2 hounds
  A giant frog zombie (D:8)
  A jelly (D:11)
  2 human zombies (Ossuary)
  A giant frog skeleton (D:4)
  Crazy Yiuf (D:4)
  3 iguanas
  5 orc priests
  5 worker ants
  5 orc wizards
  A big kobold zombie (Ossuary)
  4 mummies (Ossuary)
  A worker ant zombie (D:8)
  12 adders
  7 gnolls
  A white imp (D:11)
  A shadow imp (D:10)
  An ooze (D:2)
  5 adder skeletons
  3 worms (D:3)
  4 giant geckos
  24 orcs
  2 ball pythons (D:2)
  15 bats
  2 bat zombies
  6 giant cockroaches
  13 goblins
  12 hobgoblins
  4 jackals (D:4)
  16 kobolds
  2 quokkas
  5 giant newts
  2 gnoll zombies (Ossuary)
  2 jackal zombies (Ossuary)
  A kobold zombie (Ossuary)
  2 orc zombies (Ossuary)
  19 rats
  4 rat zombies
  3 fungi (D:4)
244 creatures vanquished.

Vanquished Creatures (others)
  3 fungi (D:9)
3 creatures vanquished.

Grand Total: 247 creatures vanquished

Notes
Turn   | Place    | Note
--------------------------------------------------------------
     0 | D:1      | Ladykiller69 the Formicid Fighter began the quest for the Orb.
     0 | D:1      | Reached XP level 1. HP: 18/18 MP: 1/1
   247 | D:1      | Reached XP level 2. HP: 22/24 MP: 2/2
   694 | D:2      | Reached XP level 3. HP: 27/29 MP: 3/3
   767 | D:2      | Found a snail-covered altar of Cheibriados.
   787 | D:2      | Became a worshipper of Cheibriados the Contemplative
   997 | D:2      | Reached XP level 4. HP: 25/37 MP: 4/4
  1245 | D:2      | Found a sparkling altar of Nemelex Xobeh.
  1265 | D:2      | Found a blossoming altar of Fedhas.
  1437 | D:3      | Reached skill level 4 in Shields
  1501 | D:3      | Acquired Cheibriados's first power
  1582 | D:3      | Found an ancient bone altar of Kikubaaqudgha.
  1773 | D:3      | Reached XP level 5. HP: 38/42 MP: 5/5
  2222 | D:4      | Reached XP level 6. HP: 41/48 MP: 6/6
  2321 | D:4      | Reached skill level 5 in Shields
  2495 | D:4      | Reached XP level 7. HP: 24/55 MP: 7/7
  2717 | D:4      | Noticed an ogre
  2724 | D:4      | You fall through a shaft for 2 floors!
  2724 | D:6      | Found a sand-covered staircase.
  2741 | D:6      | Reached skill level 5 in Axes
  2751 | Ossuary  | Entered an ossuary
  2761 | Ossuary  | Acquired Cheibriados's second power
  2765 | Ossuary  | Reached skill level 5 in Fighting
  3222 | D:6      | Found Xeypuzaq's Assorted Antiques.
  3233 | D:5      | Entered Level 5 of the Dungeon
  3257 | D:5      | Found Vasegowi's Off-Brand Ammunition.
  3327 | D:5      | Reached skill level 6 in Axes
  3327 | D:5      | Reached XP level 8. HP: 62/62 MP: 8/8
  3516 | D:4      | Found a shattered altar of Ashenzari.
  3704 | D:4      | Killed an ogre
  4056 | D:4      | Reached skill level 7 in Axes
  4091 | D:4      | Found a radiant altar of Vehumet.
  4092 | D:4      | Found a burning altar of Makhleb.
  4098 | D:4      | Acquired Cheibriados's third power
  4294 | D:4      | Noticed Crazy Yiuf
  4301 | D:4      | Killed Crazy Yiuf
  4518 | D:5      | Found a staircase to the Ecumenical Temple.
  4968 | D:6      | Reached skill level 8 in Axes
  5054 | D:6      | Acquired Cheibriados's fourth power
  5063 | D:6      | Reached XP level 9. HP: 66/68 MP: 9/9
  5070 | D:6      | Found a stormy altar of Qazlal.
  5439 | D:7      | Reached skill level 9 in Axes
  5642 | D:7      | Found Puod's Antique Weapon Shoppe.
  5723 | D:7      | Noticed Prince Ribbit
  5731 | D:7      | Killed Prince Ribbit
  6089 | D:8      | Reached skill level 10 in Axes
  6155 | D:8      | Reached skill level 1 in Dodging
  6155 | D:8      | Reached XP level 10. HP: 41/74 MP: 10/10
  6335 | D:8      | Noticed Erica
  6342 | D:8      | You fall through a shaft!
  6670 | D:9      | Noticed an orange demon
  6720 | D:8      | Reached skill level 5 in Armour
  6884 | D:8      | Killed Erica
  6884 | D:8      | Reached skill level 11 in Axes
  6909 | D:8      | You fall through a shaft for 3 floors!
  7340 | D:10     | Entered Level 10 of the Dungeon
  7576 | D:9      | Noticed a five-headed hydra
  7581 | D:9      | You fall through a shaft for 2 floors!
  7581 | D:11     | Noticed Nergalle
  7587 | D:11     | You fall through a shaft for 2 floors!
  7587 | D:13     | Noticed FooOfBar's ghost (powerful MfTm)
  7590 | D:13     | You fall through a shaft!
  7600 | D:14     | Noticed a white ugly thing
  7600 | D:14     | Noticed a white ugly thing
  7601 | D:14     | Noticed a brown ugly thing
  7603 | D:14     | You fall through a shaft!
  7603 | D:15     | Entered Level 15 of the Dungeon
  7609 | D:15     | Noticed a skeletal warrior
  7609 | D:15     | Noticed a skeletal warrior
  7616 | D:15     | Noticed a skeletal warrior
  7620 | D:15     | Quit the game

Vault maps used:
D:1:      evilmike_arrival_hilbert_curve, kennysheep_doodads
D:2:      nemelex_deck, old_standard_altar, fedhas_altar_fruit_tree, first_bread
D:3:      lemuel_zombie_altar_kikubaaqudgha, minmay_three_crescents
D:4:      grunt_temple_overflow_lords_of_destruction, lemuel_round_altar,
          uniq_crazy_yiuf_cottage
D:5:      temple_statues, nicolae_offbrand_ammo
D:6:      serial_shops, shop, nicolae_ossuary_entry_ruins,
          nicolae_qazlal_general_emergency
D:7:      serial_shops, nicolae_shop_competitors_out_of_business,
          uniq_prince_ribbit1
D:8:      uniq_erica
D:9:      grunt_temple_overflow_gold_and_silver, kennysheep_mini_moat,
          grunt_lair_entry_elf_guard_hut, serial_shops, nicolae_shop_stone,
          grunt_pizzeria
D:11:     serial_ice, serial_ice_o, serial_ice_n, serial_ice_a, serial_ice_l,
          uniq_nergalle, uniq_fannar
D:13:     portal_ice_cave_entry_pillars_01, uniq_sonja
D:14:     hangedman_vaults_entry_quadrant_bands, minmay_misc_feat_five,
          uniq_agnes
D:15:     grunt_enter_depths_snipers, uniq_louise
Ossuary:  ossuary_minmay_tomb_2a

Action                   |  1- 3 |  4- 6 |  7- 9 | 10-12 || total
-------------------------+-------+-------+-------+-------++-------
Melee: War axe           |    90 |   145 |   382 |   171 ||   788
 Abil: Dig               |     1 |     1 |     2 |     5 ||     9
       Shaft Self        |       |       |     1 |     6 ||     7
  Eat: Chunk             |     1 |     3 |     5 |     5 ||    14
       Fruit             |       |       |     1 |     1 ||     2
       Pizza             |       |       |     1 |     1 ||     2
